 Dungeon Crawl Stone Soup version 0.30-a0-840-ga523dec638 (webtiles) character file.

Game seed: 4633255734095386228

1147 cforsyth the Covert (level 8, -6/51 HPs)
             Began as a Kobold Brigand on Mar 2, 2023.
             Was an Initiate of Hepliaklqana.
             Mangled by Edmund
             ... wielding a +1 flail of protection
              (14 damage)
             ... on level 5 of the Dungeon.
             The game lasted 00:07:29 (5491 turns).

cforsyth the Covert (Kobold Brigand)                Turns: 5491, Time: 00:07:30

Health: -6/51      AC:  4    Str: 15    XL:     8   Next: 64%
Magic:  8/8        EV: 18    Int: 12    God:    Hepliaklqana [......]
Gold:   203        SH:  5    Dex: 18    Spells: 7/7 levels left

rFire   . . .      SeeInvis .    a - +2 dagger
rCold   . . .      Faith    .    (no shield)
rNeg    . . .      Spirit   .    b - +0 robe
rPois   .          Reflect  +    (no helmet)
rElec   .          Harm     .    c - +0 cloak
rCorr   .          Rampage  .    t - +0 pair of gloves
Will    .....                    (no boots)
Stlth   +++++                    g - amulet of reflection
HPRegen 0.28/turn                r - +6 ring of strength
MPRegen 0.11/turn                (no ring)

@: no status effects
A: small, no large weapons, nightstalker 3
a: Renounce Religion


You were on level 5 of the Dungeon.
You worshipped Hepliaklqana.
Hepliaklqana was noncommittal.
You visited 2 branches of the dungeon, and saw 6 of its levels.

You collected 203 gold pieces.

Inventory:

Hand Weapons
 a - a +2 dagger (weapon)
Missiles
 d - 9 poisoned darts (quivered)
 e - 3 curare-tipped darts
Armour
 b - a +0 robe (worn)
 c - a +0 cloak (worn)
 t - a +0 pair of gloves (worn)
Jewellery
 g - an amulet of reflection (around neck)
 r - a +6 ring of strength (left hand)
 x - a +4 ring of protection
 y - an amulet of the acrobat
Wands
 q - a wand of paralysis (6)
 v - a wand of iceblast (7)
Scrolls
 l - 2 scrolls of amnesia {unknown}
 m - 4 scrolls of identify
 o - a scroll of fog {unknown}
 p - a scroll of blinking
 s - a scroll of immolation {unknown}
 w - a scroll of noise {unknown}
Potions
 f - 3 potions of haste {unknown}
 h - a potion of curing {unknown}
 j - a potion of invisibility {unknown}
 k - a potion of attraction {unknown}
 n - 2 potions of brilliance {unknown}
 u - a potion of degeneration {unknown}


   Skills:
 + Level 5.6 Fighting
 + Level 6.8 Short Blades
 - Level 2.1 Throwing
 + Level 5.8 Dodging
 + Level 8.7 Stealth


You had 7 spell levels left.
You didn't know any spells.
Your spell library contained the following spells:

 Spells                   Type           Power      Damage    Failure   Level
 Poisonous Vapours        Pois/Air       0%         N/A       45%         2
 Ignite Poison            Fire/Tmut/Pois 0%         N/A       69%         3
 Spider Form              Tmut/Pois      0%         N/A       69%         3
 Summon Guardian Golem    Hex/Summ       0%         N/A       69%         3
 Animate Armour           Summ/Erth      0%         N/A       97%         4
 Leda's Liquefaction      Hex/Erth       0%         N/A       97%         4
 Sticky Flame             Conj/Fire      0%         2d3       97%         4
 Orb of Destruction       Conj           0%         9d5       100%        7
 Spellforged Servitor     Conj/Summ      0%         N/A       100%        7
 Ignition                 Fire           0%         3d3       100%        8
 Chain Lightning          Conj/Air       0%         N/A       100%        9
 Fire Storm               Conj/Fire      0%         5d1       100%        9
 Shatter                  Erth           0%         3d5*      100%        9


Dungeon Overview and Level Annotations

Branches:
Dungeon (5/15)             Temple (1/1) D:4

Altars:
Ashenzari
Elyvilon
Fedhas
Gozag
Hepliaklqana
Kikubaaqudgha
Makhleb
Nemelex Xobeh
Qazlal
Ru
Sif Muna
Trog
Vehumet
Wu Jian
Xom
Yredelemnul
The Shining One

Annotations:
D:5 Edmund


Innate Abilities, Weirdness & Mutations

You are small and have problems with some larger weapons.
You are completely attuned to the shadows.


Message History

Edmund hits you with a +1 flail of protection!
The iguana bites you!
* * * LOW HITPOINT WARNING * * *
You are too injured to fight recklessly!
You are too injured to fight recklessly!
You are too injured to fight recklessly!
You are too injured to fight recklessly!
You are too injured to fight recklessly!
You are too injured to fight recklessly!
You are too injured to fight recklessly!
You are too injured to fight recklessly!
You are too injured to fight recklessly!
You hit the iguana but do no damage.
The iguana is severely wounded.
Unknown command.
You closely miss the iguana.
The iguana is severely wounded.
Edmund hits you with a +1 flail of protection.
* * * LOW HITPOINT WARNING * * *
You block the iguana's attack.
You feel much better. You block Edmund's attack. The iguana closely misses you.
You hit the iguana but do no damage.
The iguana is severely wounded.
Edmund completely misses you. The iguana bites you.
You hit the iguana.
The iguana is almost dead.
You hit the iguana but do no damage.
The iguana is almost dead.
Edmund hits you with a +1 flail of protection!
The iguana completely misses you.
You closely miss the iguana.
The iguana is almost dead.
Edmund barely misses you. The iguana bites you!
* * * LOW HITPOINT WARNING * * *
You hit the iguana.
You kill the iguana!
You barely miss Edmund.
Edmund says, "A flail is better than a scythe, any day of the week!"
Edmund hits you with a +1 flail of protection!
You die...

#....##.#....
#........
#[...##.#....
#.....†..
#....#.....##
#........
.....'......
#........
######....##+#####
#........
#...........).#
#........
#.............##
######.##
#............†.#
#.## ########
...@@.# #.##
#####.##
#########.##
#!.###.......#.##
##..##.......#.##
##..#.......#.##
##.#...........
#.'.......###.
###.......###.
#.........#.


You could see Edmund.

Vanquished Creatures
  Pikel (D:5)
  A water moccasin (D:5)
  An ogre (D:5)
  3 hounds
  A jelly (D:4)
  A gnoll bouda (D:5)
  Natasha (D:3)
  4 iguanas
  An orc wizard (D:4)
  6 adders
  4 gnolls
  An ufetubus (D:4)
  A worm (D:1)
  5 dart slugs
  5 orcs
  13 endoplasms
  4 giant cockroaches
  13 goblins
  5 hobgoblins
  9 jackals
  3 quokkas
  8 ball pythons
  6 bats
  6 frilled lizards
  3 kobolds
  9 rats
115 creatures vanquished.

Notes
Turn   | Place    | Note
-------+----------+-------------------------------------------
     0 | D:1      | cforsyth the Kobold Brigand began the quest for the Orb.
     0 | D:1      | Reached XP level 1. HP: 12/12 MP: 1/1
     1 | D:1      | Found a runed translucent door.
   167 | D:1      | Reached XP level 2. HP: 18/18 MP: 2/2
   236 | D:1      | Found a faded altar of an unknown god.
   678 | D:1      | Reached XP level 3. HP: 22/22 MP: 3/3
  1058 | D:2      | Reached XP level 4. HP: 27/27 MP: 4/4
  1247 | D:2      | Reached skill level 6 in Stealth
  2019 | D:3      | Found a broken altar of Ashenzari.
  2145 | D:3      | Noticed Natasha
  2160 | D:3      | Killed Natasha
  2161 | D:3      | Reached XP level 5. HP: 16/32 MP: 5/5
  2345 | D:3      | Found a sparkling altar of Nemelex Xobeh.
  2685 | D:4      | Found a staircase to the Ecumenical Temple.
  2706 | Temple   | Entered the Ecumenical Temple
  2770 | Temple   | Became a worshipper of Hepliaklqana the Forgotten
  3340 | D:4      | Reached XP level 6. HP: 37/37 MP: 6/6
  3342 | D:4      | Got the Thoughts on Viridian Stones
  3654 | D:4      | Found a shimmering blue altar of Sif Muna.
  4096 | D:5      | Entered Level 5 of the Dungeon
  4306 | D:5      | Noticed Pikel
  4309 | D:5      | Killed Pikel
  4310 | D:5      | Reached skill level 5 in Fighting
  4310 | D:5      | Reached skill level 5 in Dodging
  4310 | D:5      | Reached skill level 8 in Stealth
  4310 | D:5      | Reached XP level 7. HP: 44/44 MP: 7/7
  4310 | D:5      | Reached XP level 8. HP: 49/49 MP: 8/8
  5463 | D:5      | Noticed Edmund
  5491 | D:5      | Mangled by Edmund

Illustrated notes

Levels and vault maps discovered:
D:1:      dpeg_arrival_caged_fury, layout_rooms,
          shapermc_ecumenical_altar_ellora, columned_hall_lemuel, st_stairs_12,
          hangedman_decor_growths
D:2:      layout_rooms
D:3:      layout_basic, nicolae_ashenzari_panopticon, nemelex_dance_club_becter,
          serial_forest, infiniplex_forest_straight_2,
          infiniplex_forest_lined_2, infiniplex_forest_clump_curved,
          infiniplex_forest_diagonal, infiniplex_forest_straight_2,
          infiniplex_forest_clump_long, infiniplex_forest_lined_4_way,
          uniq_natasha
D:4:      layout_loops_corners, lemuel_coloured_pillars_altar,
          minmay_temple_entry_statues_pillars, grunt_ministairs_11,
          chequers_serial_rivers_micro_c, grunt_decor_junction,
          hangedman_decor_opposing
D:5:      layout_basic, minmay_misc_feat_hallway, uniq_edmund, uniq_pikel
Temple:   dpeg_chambers_temple

Skill      XL: |  1  2  3  4  5  6 |
---------------+-------------------+-----
Short Blades   | 3 4 6 |  6.8
Dodging        | 2 3 5 |  5.8
Fighting       | 3 5 |  5.6
Stealth        | 6 8 |  8.7
Throwing       | |  2.1

Action                     |  1- 3 |  4- 6 |  7- 9 || total
---------------------------+-------+-------+-------++-------
  Melee: Dagger            |   103 |   143 |   129 ||   375
         Punch             |       |       |     4 ||     4
    Use: Scroll            |       |     4 |       ||     4
         Potion            |       |       |     3 ||     3
   Stab: Sleeping          |    14 |    34 |     2 ||    50
         Distracted        |     1 |     1 |     1 ||     3
 Armour: Robe              |    14 |    21 |    12 ||    47
  Dodge: Dodged            |    71 |    95 |   125 ||   291
  Block: Other             |       |     7 |    45 ||    52

Table legend: (Time is in decaauts)
 A = Elapsed time spent in this place.
 B = Non-inter-level travel time spent in this place.
 C = Inter-level travel time spent in this place.
 D = Time resting spent in this place.
 E = Time spent auto-exploring this place.
 F = Levels seen in this place.
 G = Mean time per level.
                   A        B        C        D        E       F      G
               +--------+--------+--------+--------+--------+-----+--------+
         Total |   5416 |   5178 |    238 |    832 |   3392 |   6 |  902.7 |
       Dungeon |   5145 |   4934 |    211 |    832 |   3168 |   5 | 1029.0 |
        Temple |    270 |    243 |     27 |      0 |    224 |   1 |  270.0 |
               +--------+--------+--------+--------+--------+-----+--------+

Top non-repeatable levels by time:
     D:4: 1976 daAuts
     D:3: 981 daAuts
     D:1: 909 daAuts
     D:5: 665 daAuts
     D:2: 611 daAuts
  Temple: 270 daAuts
